 Dungeon Sprint DCSS version 0.29.1-12-g30fa7ad0bf (webtiles) character file.

Game seed: 1588435636925404324

5804 Groucho the Unseen (level 10, -19/44 HPs)
             Began as a Spriggan Enchanter on Jan 2, 2023.
             Was a Priest of Dithmenos.
             Demolished by a kraken (36 damage)
             ... in the Dungeon (Sprint II: "The Violet Keep of Menkaure").
             The game lasted 00:07:31 (1271 turns).

Groucho the Unseen (Spriggan Enchanter)             Turns: 1271, Time: 00:07:31

Health: -19/44     AC:  4    Str: 12    XL:     10   Next: 50%
Magic:  23/30      EV: 17    Int: 17    God:    Dithmenos [***...]
Gold:   340        SH:  0    Dex: 16    Spells: 21/39 levels left

rFire   . . .      SeeInvis +   a - +1 dagger
rCold   . . .      Faith    .   (no shield)
rNeg    . . .      Spirit   .   b - +0 robe
rPois   .          Reflect  .   (helmet restricted)
rElec   .          Harm     .   (no cloak)
rCorr   .          Rampage  .   (gloves unavailable)
Will    ++...      NoTele   +   (boots unavailable)
Stlth   +++++++++.              (no amulet)
HPRegen 0.14/turn               f - ring "Bih Witi" {Fly Will+ Str+4}
MPRegen 0.22/turn               (no ring)

@: flying, wreathed by umbra, very quick
A: very small, no large weapons, unfitting armour, see invisible, speed 3,
iridescent scales 1
a: Renounce Religion, Shadow Step


You were in the Dungeon.
You worshipped Dithmenos.
Dithmenos was most pleased with you.
You visited 1 branch You collected 1308 gold pieces.
You spent 968 gold pieces at shops.

Inventory:

Hand Weapons
 a - a +1 dagger (weapon)
Armour
 b - a +0 robe (worn)
Jewellery
 f - the ring "Bih Witi" (left hand) {Fly Will+ Str+4}
   (You bought it in a shop in the Dungeon)

   [ring of flight]

   Str:       It affects your strength (+4).
   Fly:       It grants you flight.
   Will:      It increases your willpower.
Scrolls
 c - a scroll of enchant weapon {unknown}
 i - a scroll of blinking
Potions
 d - a potion of curing
 e - a potion of heal wounds
 g - 2 potions of magic
 h - a potion of berserk rage


   Skills:
 - Level 10.0 Short Blades
 + Level 2.6 Dodging
 - Level 17.0 Stealth
 + Level 15.1 Spellcasting
 - Level 14.0 Hexes
 * Level 11.8 Earth Magic
 + Level 0.0 Invocations


You had 21 spell levels left.
You knew the following spells:

 Your Spells              Type           Power      Damage    Failure   Level
a - Ensorcelled Hibernat  Hex/Ice        72%        N/A       1%          2
b - Confusing Touch       Hex            57%        N/A       1%          3
c - Dazzling Flash        Conj/Hex       72%        N/A       1%          3
d - Tukima's Dance        Hex            57%        N/A       1%          3
e - Passwall              Tmut/Erth      27%        N/A       1%          2
f - Lee's Rapid Deconstr  Erth           26%        3d15*     1%          5

Your spell library contained the following spells:

 Spells                   Type           Power      Damage    Failure   Level
 Animate Armour           Summ/Erth      66%        N/A       4%          4
 Lehudib's Crystal Spear  Conj/Erth      16%        10d5      100%        8


Dungeon Overview and Level Annotations

Branches:
Dungeon (1/1)

Altars:
Cheibriados
Dithmenos
Elyvilon
Fedhas
Gozag
Hepliaklqana
Kikubaaqudgha
Makhleb
Nemelex Xobeh
Okawaru
Qazlal
Ru
Sif Muna
Trog
Uskayaw
Vehumet
Wu Jian
Xom
Yredelemnul
Zin
The Shining One
Jiyva
Lugonu

Shops:
D [:*(!:*:?==?[!=

Annotations:
D exclusion: oklob plant


Innate Abilities, Weirdness & Mutations

You are very small and have problems with some larger weapons.
You are too small for most types of armour.
You have supernaturally acute eyesight. (SInv)
You cover ground extremely quickly. (Speed+++)
You are partially covered in iridescent scales. (AC +2)


Message History

HP restored.
You start waiting.
You start waiting.
You start waiting.
Done waiting.
Okay, then.
A death drake and a swamp drake come into view.
Okay, then.
Search for what [? for help]? invis Search for what [Enter for "invis", or ? for help]? ring
Found nine items.
The water moccasin hisses angrily.
Found five items.
Found four items.
A kraken comes into view.
Aiming: Shadow Step
Press: ? - help, Dir - move target, f - you You cannot target yourself.
Okay, then.
Aiming: Shadow Step
Press: ? - help, Dir - move target, f - kraken
Aim: a kraken (water, asleep, umbra)
You step into the kraken's shadow.
The helpless kraken fails to defend itself.
You perforate the kraken like a sieve!!!!
The kraken is heavily wounded.
The kraken bites you but does no damage.
Casting: Passwall (safe; 1% risk of failure)
Confirm with . or Enter, or press ? or * to list all spells.
Casting: Dazzling Flash (safe; 1% risk of failure)
Press: ? - help, Dir - look around, f - activate Tentacles burst out of the water! 4 tentacles come into view.
Unknown command.
Unknown command.
Unknown command.
The kraken misses you.
The tentacle slaps you! x2; The tentacle misses you.
The kraken bites you!!!
Ouch! That really hurt!
You die...

..####▓))?$!?$(▓▓
..##)#▓([$!!?!$▓▓
..#..#▓$($[$[[$▓▓
..#÷÷#▓)$)(!([?▓▓
..##.#▓!$?$)!!?▓▓
#...##▓▓▓▓▓▓▓+▓▓▓▓+▓
~~~~~~~~~~~~~...≈≈≈▓
~#+########+###wwXw▓
~#_._.....#S~~##@w≈▓
~#._._....#~§§§####▓
~#_._._...#~~~§§#
~#._._._..#S~§§≈≈
~#_._._._.#~§§§§§
§#._._._._#§§§§≈
≈#.._._._.#~~≈§≈
§#._._._..#~§§≈▓
≈##########~≈§§▓


You could see a kraken and 4 tentacles.

Vanquished Creatures
  A deep elf master archer (D)
  2 hell hogs (D)
  A death yak (D)
  2 cane toads (D)
  A yaktaur (D)
  3 polar bears (D)
  A hornet (D)
  2 wyverns (D)
  4 neqoxecs (D)
  A water moccasin (D)
  4 necrophages (D)
  4 scorpions (D)
26 creatures vanquished.

Vanquished Creatures (others)
  Menkaure (D)
  A water moccasin (D)
2 creatures vanquished.

Grand Total: 28 creatures vanquished

Notes
Turn   | Place    | Note
-------+----------+-------------------------------------------
     0 | D        | Groucho the Spriggan Enchanter began the quest for the Orb.
     0 | D        | Reached XP level 1. HP: 9/9 MP: 5/5
     3 | D        | Noticed a neqoxec
     3 | D        | Noticed a neqoxec
     6 | D        | Noticed a scorpion
     6 | D        | Noticed a scorpion
     6 | D        | Noticed a scorpion
     6 | D        | Noticed a scorpion
     9 | D        | Killed a scorpion
    10 | D        | Reached skill level 8 in Stealth
    10 | D        | Reached skill level 5 in Hexes
    10 | D        | Reached XP level 2. HP: 13/13 MP: 5/8
    10 | D        | Reached XP level 3. HP: 16/16 MP: 6/10
    10 | D        | Killed a scorpion
    11 | D        | Reached skill level 10 in Stealth
    11 | D        | Reached skill level 5 in Spellcasting
    11 | D        | Reached XP level 4. HP: 21/21 MP: 6/12
    13 | D        | Killed a scorpion
    14 | D        | Reached skill level 5 in Short Blades
    14 | D        | Reached skill level 11 in Stealth
    14 | D        | Reached XP level 5. HP: 24/24 MP: 6/14
    15 | D        | Reached skill level 12 in Stealth
    26 | D        | Gained mutation: You are partially covered in iridescent
                  | scales. (AC +2) [a neqoxec]
    27 | D        | Killed a neqoxec
    28 | D        | Reached skill level 13 in Stealth
    28 | D        | Reached XP level 6. HP: 28/28 MP: 7/17
    29 | D        | Reached skill level 14 in Stealth
    41 | D        | Killed a neqoxec
    42 | D        | Reached skill level 15 in Stealth
    42 | D        | Reached XP level 7. HP: 32/32 MP: 8/20
    49 | D        | Reached skill level 16 in Stealth
    67 | D        | Noticed a neqoxec
    68 | D        | Noticed a neqoxec
    78 | D        | Learned a level 2 spell: Ensorcelled Hibernation
    82 | D        | Killed a neqoxec
    86 | D        | Found Puav's Antique Armour Emporium.
    86 | D        | Found Vesmu's Jewellery Emporium.
    86 | D        | Found Ubomn's Magic Scroll Shoppe.
    86 | D        | Found Molir's Distillery.
    86 | D        | Found Hoett's Jewellery Emporium.
    88 | D        | Killed a neqoxec
    89 | D        | Reached skill level 17 in Stealth
    89 | D        | Reached skill level 10 in Hexes
   242 | D        | Killed Menkaure
   321 | D        | Learned a level 3 spell: Confusing Touch
   325 | D        | Learned a level 3 spell: Dazzling Flash
   329 | D        | Learned a level 3 spell: Tukima's Dance
   350 | D        | Noticed a wyvern
   350 | D        | Noticed a wyvern
   353 | D        | Killed a wyvern
   354 | D        | Reached skill level 10 in Spellcasting
   354 | D        | Reached XP level 8. HP: 36/36 MP: 23/23
   399 | D        | Found Myediapu's Magic Scroll Shoppe.
   399 | D        | Found Ugeph's Book Emporium.
   399 | D        | Found Kohoizel's Assorted Antiques.
   400 | D        | Found Jijoat's Jewellery Emporium.
   400 | D        | Found Niwkac's Book Emporium.
   400 | D        | Found Osureem's Distillery.
   400 | D        | Noticed a polar bear
   409 | D        | Noticed a polar bear
   411 | D        | Noticed an unseen horror
   416 | D        | Noticed an unseen horror
   783 | D        | Found Lusecush's Antique Weapon Shoppe.
   783 | D        | Found Rugilu's Assorted Antiques.
   783 | D        | Noticed an oklob plant
   784 | D        | Found Mohajow's Antique Armour Shoppe.
   784 | D        | Found Xaurul's Book Shoppe.
   788 | D        | Noticed a manticore
   788 | D        | Noticed a manticore
   789 | D        | Noticed a flying skull
   789 | D        | Noticed a flying skull
   790 | D        | Noticed a flying skull
   802 | D        | Noticed a flying skull
   803 | D        | Bought the Incunabulum of the Geologist for 506 gold pieces
   805 | D        | Noticed a flying skull
   805 | D        | Noticed a flying skull
   806 | D        | Learned a level 2 spell: Passwall
   806 | D        | Noticed a flying skull
   806 | D        | Noticed a flying skull
   812 | D        | Learned a level 5 spell: Lee's Rapid Deconstruction
   828 | D        | Bought the ring "Bih Witi" {Fly Will+ Str+4} for 462 gold
                  | pieces
   850 | D        | Found a radiant altar of Vehumet.
   850 | D        | Found an iron altar of Okawaru.
   851 | D        | Found a sparkling altar of Nemelex Xobeh.
   851 | D        | Found a hide-covered altar of Uskayaw.
   851 | D        | Found a glowing silver altar of Zin.
   852 | D        | Found an opulent altar of Gozag.
   852 | D        | Found a burning altar of Makhleb.
   852 | D        | Found a bloodstained altar of Trog.
   853 | D        | Found a blossoming altar of Fedhas.
   853 | D        | Found a corrupted altar of Lugonu.
   853 | D        | Found a basalt altar of Yredelemnul.
   853 | D        | Found a shimmering blue altar of Sif Muna.
   854 | D        | Found a white marble altar of Elyvilon.
   854 | D        | Found an ancient bone altar of Kikubaaqudgha.
   856 | D        | Found a shimmering altar of Xom.
   857 | D        | Found a glowing golden altar of the Shining One.
   861 | D        | Found an ornate altar of the Wu Jian Council.
   862 | D        | Found a sacrificial altar of Ru.
   870 | D        | Identified the +7 great mace of the Jolly Deaths {drain,
                  | rCorr}
   875 | D        | Found a stormy altar of Qazlal.
   875 | D        | Found a viscous altar of Jiyva.
   875 | D        | Found a shadowy altar of Dithmenos.
   880 | D        | Found a hazy altar of Hepliaklqana.
   880 | D        | Found a snail-covered altar of Cheibriados.
   890 | D        | Became a worshipper of Dithmenos the Shadowed
   909 | D        | Noticed a yaktaur
   909 | D        | Noticed a hornet
   909 | D        | Noticed a polar bear
   918 | D        | Noticed a deep elf master archer
   923 | D        | Killed a deep elf master archer
   924 | D        | Reached skill level 10 in Short Blades
   924 | D        | Reached XP level 9. HP: 39/39 MP: 22/26
   928 | D        | Noticed a death yak
   939 | D        | Killed a death yak
   951 | D        | Noticed a hell hog
   951 | D        | Noticed a hell hog
   953 | D        | Killed a hell hog
   953 | D        | Reached * piety under Dithmenos
   955 | D        | Killed a hell hog
   956 | D        | Reached XP level 10. HP: 27/44 MP: 26/28
   963 | D        | Noticed a cane toad
   963 | D        | Noticed a cane toad
   965 | D        | Killed a cane toad
   965 | D        | Reached ** piety under Dithmenos
   966 | D        | Reached skill level 10 in Earth Magic
   967 | D        | Killed a cane toad
   981 | D        | Reached *** piety under Dithmenos
   985 | D        | Reached skill level 15 in Spellcasting
  1253 | D        | Noticed a death drake
  1262 | D        | Noticed a kraken
  1271 | D        | Demolished by a kraken

Illustrated notes

Levels and vault maps discovered:
D:        the_violet_keep_of_menkaure [sprint2_stairs_cluster_1,
          sprint2_shoproom, sprint2_temple, sprint2_basic_supplies,
          sprint2_obstacle_2, sprint2_obstacle_5, sprint2_obstacle_7,
          sprint2_obstacle_1, sprint2_obstacle_6, sprint2_timed_cluster_1,
          sprint2_smallroom_cluster_1, sprint2_smallroom_final_cluster_1,
          sprint2_transparent_cluster_1, sprint2_second_timed_cluster_1,
          sprint2_sniper_area_1, sprint2_heavy_combat_area_1,
          sprint2_mutation_trap_area_1, sprint2_forest_area_1,
          sprint2_light_combat_area_1, sprint2_behind_water_1,
          sprint2_near_end_vault_1]

Skill      XL: |  1  2  3  4  5  6  7  8  9 10 |
---------------+-------------------------------+-----
Short Blades   | 3 4 5 6 7 9 10 | 10.0
Stealth        | 8 10 11 13 15 17 | 17.0
Spellcasting   | 4 5 6 7 8 10 12 13 15 | 15.1
Hexes          | 5 6 8 9 10 12 14 | 14.0
Earth Magic    | 6 9 11 | 11.8
Dodging        | |  2.6

Action                   |  1- 3 |  4- 6 |  7- 9 | 10-12 || total
-------------------------+-------+-------+-------+-------++-------
Melee: Dagger            |     2 |    24 |    24 |     8 ||    58
       Punch             |       |     1 |       |       ||     1
 Cast: Ensorcelled Hiber |       |       |     4 |       ||     4
       Passwall          |       |       |     2 |       ||     2
       Dazzling Flash    |       |       |       |     1 ||     1
Invok: Shadow Step       |       |       |       |     1 ||     1
  Use: Potion            |     2 |       |     1 |       ||     3
 Stab: Sleeping          |     2 |     1 |     8 |     8 ||    19
       Invisible         |       |     6 |     4 |       ||    10
Armor: Robe              |       |       |     2 |     1 ||     3
Dodge: Dodged            |       |     6 |     5 |     2 ||    13
